 Dungeon Crawl Stone Soup version 0.31-a0-654-gbe3e110b4e (webtiles) character file.

Game seed: 10237419808503248573

878 Dirtsage the Changeling (level 8, -22/48 HPs)
             Began as an Octopode Shapeshifter on Aug 29, 2023.
             Annihilated by a two-headed ogre
             ... wielding a +0 giant club
              (24 damage)
             ... on level 5 of the Dungeon.
             The game lasted 00:07:11 (3382 turns).

Dirtsage the Changeling (Octopode Shapeshifter)     Turns: 3382, Time: 00:07:11

Health: -22/48     AC:  1    Str: 15    XL:     8   Next: 4%
Magic:  17/17      EV: 13    Int: 12    God:
Gold:   188        SH:  0    Dex: 12    Spells: 7/7 levels left

rFire   . .          .
                       - Unarmed
rCold   . . .        (no shield)
rNeg    . . .        (helmet currently unavailable)
rPois   .            (no amulet)
rElec   .            s - ring of magical power
rCorr   .            (no ring)
SInv    .            (no ring)
Will    .....        (no ring)
Stlth   ++           (no ring)
HPRegen 0.28/turn    (no ring)
MPRegen 0.15/turn    (no ring)
                     (no ring)

%: no passive effects
@: beast-form
A: beast (slay +4), almost no armour, amphibious, 8 rings, camouflage 1,
gelatinous body 1, (nimble swimmer 1), tentacles
a: Begin Untransformation


You were on level 5 of the Dungeon.
You were a hulking beast.
You visited 1 branch of the dungeon, and saw 5 of its levels.

You collected 188 gold pieces.

Inventory:

Missiles
 j - 2 curare-tipped darts
Jewellery
 g - a ring of fire
 s - a ring of magical power (left tentacle)
Talismans
 b - a beast talisman (active)
 c - a flux talisman
 l - a dragon-blood talisman
Wands
 n - a wand of charming (3)
Scrolls
 a - 2 scrolls of revelation
 e - a scroll of torment {unknown}
 h - a scroll of enchant weapon {unknown}
 i - a scroll of identify
 k - a scroll of noise {unknown}
 r - 2 scrolls of silence {unknown}
 t - 5 scrolls of teleportation
Potions
 d - a potion of attraction {unknown}
 f - a potion of curing {unknown}
 m - a potion of brilliance {unknown}
 o - 3 potions of might {unknown}
 p - a potion of haste {unknown}
 q - a potion of enlightenment {unknown}


   Skills:
 - Level 1.0 Fighting
 - Level 2.0 Dodging
 - Level 5.0 Unarmed Combat
 * Level 7.8 Shapeshifting


You had 7 spell levels left.
You didn't know any spells.
Your spell library contained the following spells:

 Spells                   Type           Power      Damage    Failure   Level
 Slow                     Hex            0%         N/A       32%         1
 Sting                    Tmut/Pois      0%         1d3       32%         1
 Poisonous Vapours        Pois/Air       0%         N/A       45%         2
 Confusing Touch          Hex            0%         N/A       69%         3
 Portal Projectile        Hex/Tloc       0%         N/A       69%         3
 Tukima's Dance           Hex            0%         N/A       69%         3
 Vampiric Draining        Necr           0%         2d6       69%         3
 Iskenderun's Mystic Bla  Conj/Tloc      0%         2d3       97%         4
 Olgreb's Toxic Radiance  Pois           0%         N/A       97%         4


Dungeon Overview and Level Annotations

Branches:
Dungeon (5/15)
 Temple: D:4-7

Altars:

Shops:
D:2 (   D:3 [(:(   D:5 =


Innate Abilities, Weirdness & Mutations

You are a hulking beast.
Your limbs bulge with bestial killing power. (Slay +4)
You cannot wear most types of armour.
You are amphibious.
You can wear up to eight rings at the same time.
Your skin changes colour to match your surroundings (Stealth+).
Your rubbery body absorbs attacks. (AC +1, EV +1)
((You are camouflaged when in or above water. (Stealth+)))
You have tentacles for arms and can constrict up to eight enemies at once.


Message History

You bludgeon the ufetubus!
You kill the ufetubus!
You closely miss the adder. Your grab misses the adder.
Your squeeze misses the adder. The adder misses you.
You barely miss the adder. You grab the adder. You constrict the adder.
The adder closely misses you. The adder bites you but does no damage.
You bludgeon the adder!
You kill the adder!
You swing at nothing.
A two-headed ogre comes into view.
It is wielding a +0 giant club and a +0 dire flail.
Okay, then.
Aiming: Charm
Press: ? - help, Shift-Dir - straight line, f - two-headed ogre
Aim: a two-headed ogre, wielding a +0 giant club and a +0 dire flail (chance to affect: 31%)
Okay, then.
Throw: 4 darts (curare)
Press: ? - help, Shift-Dir - straight line, f - two-headed ogre
Aim: a two-headed ogre, wielding a +0 giant club and a +0 dire flail (74% to hit)
You throw a curare-tipped dart.
The curare-tipped dart barely misses the two-headed ogre.
The two-headed ogre hits you with a +0 giant club!!
The two-headed ogre hits you with a +0 dire flail.
You take 22 damage, and have 20/48 hp.
MASSIVE DAMAGE!!
Throw: 3 darts (curare)
Press: ? - help, Shift-Dir - straight line, f/p - two-headed ogre
Aim: a two-headed ogre, wielding a +0 giant club and a +0 dire flail (74% to hit)
You throw a curare-tipped dart.
The curare-tipped dart hits the two-headed ogre.
The two-headed ogre is poisoned.
The two-headed ogre convulses.
The two-headed ogre seems to slow down.
The two-headed ogre is lightly wounded.
You barely miss the two-headed ogre.
The two-headed ogre is moderately wounded.
You tentacle-slap the two-headed ogre.
The two-headed ogre is moderately wounded.
The two-headed ogre hits you with a +0 giant club!!
* * * LOW HITPOINT WARNING * * *
The two-headed ogre hits you with a +0 dire flail!!
Ouch! That really hurt!
You die...

#. # .(# .## #.. ... # ..#
#.. .## ..# #.# #.# ...
#..# #[# #S# #.. #..#
#.#)# #.# #...###O###..#
#....#..h#...# #. ####
.....###.###..##.#...
..##.........# ##..#.### #
##...##.### #........
##..###<#####.###.#.#.#.#.
........###....#.##...#.#.
.######.....#....##.###.#.
#......................
#.##.##.#.#...##.......


You could see a two-headed ogre (very poisoned, slow).

Vanquished Creatures
  The ghost of makewrite the Cudgeller, an amateur MiGl (D:3)
  A water moccasin (D:5)
  A centaur (D:5)
  A quasit (D:4)
  A gnoll bouda (D:4)
  2 hounds (D:4)
  2 iguanas
  13 gnolls
  5 adders
  3 shadow imps (D:4)
  2 white imps (D:4)
  2 ufetubi
  A worm (D:2)
  3 dart slugs
  16 orcs
  3 bats
  7 endoplasms
  4 giant cockroaches
  5 hobgoblins
  A quokka (D:1)
  6 ball pythons
  3 frilled lizards
  A goblin (D:1)
  6 kobolds
  7 rats
97 creatures vanquished.

Vanquished Creatures (others)
  A goblin (D:4)
1 creature vanquished.

Grand Total: 98 creatures vanquished

Notes
Turn   | Place    | Note
-------+----------+-------------------------------------------
     0 | D:1      | Dirtsage the Octopode Shapeshifter began the quest for the
                  | Orb.
     0 | D:1      | Reached XP level 1. HP: 13/13 MP: 1/1
   518 | D:1      | Found a faded altar of an unknown god.
   544 | D:1      | Reached XP level 2. HP: 11/18 MP: 2/2
   768 | D:2      | Reached XP level 3. HP: 8/23 MP: 3/3
   879 | D:2      | Found Nofis's Antique Weapon Shoppe.
  1047 | D:2      | Reached skill level 4 in Shapeshifting
  1148 | D:2      | Reached XP level 4. HP: 26/28 MP: 4/4
  1580 | D:3      | Found a runed translucent door.
  1581 | D:3      | Noticed makewrite's ghost (amateur MiGl)
  1600 | D:3      | Killed makewrite's ghost
  1601 | D:3      | Reached skill level 5 in Shapeshifting
  1601 | D:3      | Reached XP level 5. HP: 25/33 MP: 5/5
  1601 | D:3      | Reached XP level 6. HP: 29/38 MP: 6/6
  1832 | D:3      | Found Bocuedgh's Antique Armour Emporium.
  1932 | D:3      | Found Nineexad's Antique Weapon Boutique.
  2041 | D:3      | Found Gimutsei's Book Shoppe.
  2052 | D:3      | Found Myeczir's Weapon Shoppe.
  2288 | D:4      | Reached skill level 5 in Unarmed Combat
  2291 | D:4      | Reached skill level 6 in Shapeshifting
  2303 | D:4      | Reached XP level 7. HP: 24/43 MP: 7/7
  2783 | D:4      | Reached skill level 7 in Shapeshifting
  3153 | D:5      | Entered Level 5 of the Dungeon
  3153 | D:5      | Found Bivi's Jewellery Emporium.
  3372 | D:5      | Reached XP level 8. HP: 40/48 MP: 8/8
  3378 | D:5      | Noticed a two-headed ogre
  3382 | D:5      | HP: 2/48 [two-headed ogre/+0 giant club (19)]
  3382 | D:5      | Annihilated by a two-headed ogre

Illustrated notes

Levels and vault maps discovered:
D:1:      dpeg_arrival_arbitrary_b, layout_loops_ring,
          hellmonk_ecumenical_altar_run_dry
D:2:      layout_basic, serial_bayou, serial_bayou_pond_d, serial_bayou_shore_a,
          serial_bayou_pond_c, serial_bayou_pond_c, serial_shops,
          nicolae_shop_scrapyard, grunt_ministairs_10,
          minmay_fractal_squares_gapless_5
D:3:      layout_basic, gammafunk_ghost_grave, serial_shops,
          nicolae_shop_behind_doors, nicolae_shop_scrapyard, shop, shop
D:4:      layout_loops_ring, serial_demonic, serial_demonic_d, serial_demonic_c,
          serial_demonic_e, serial_demonic_d, serial_demonic_e, serial_demonic_f
D:5:      layout_loops_ring, kennysheep_doodads, nicolae_stop_n_shop_1,
          minmay_manual_mail

Skill      XL: |  1  2  3  4  5  6  7 |
---------------+----------------------+-----
Shapeshifting  | 4 5 6 7 |  7.8
Unarmed Combat | 4 5 |  5.0
Fighting       | |  1.0
Dodging        | |  2.0

Action                     |  1- 3 |  4- 6 |  7- 9 || total
---------------------------+-------+-------+-------++-------
  Melee: Unarmed           |    46 |    98 |    61 ||   205
         Constrict         |     9 |    26 |    15 ||    50
         Punch             |     3 |     5 |     4 ||    12
         Tentacles         |     7 |    19 |    15 ||    41
  Throw: Dart              |       |       |     2 ||     2
  Evoke: Wand              |       |       |     1 ||     1
    Use: Potion            |       |     1 |       ||     1
         Scroll            |       |     1 |     1 ||     2
   Stab: Sleeping          |     7 |     4 |     3 ||    14
         Distracted        |       |     1 |       ||     1
 Armour: Skin              |     3 |     6 |     4 ||    13
  Dodge: Dodged            |    28 |    46 |    37 ||   111

Table legend: (Time is in decaauts)
 A = Elapsed time spent in this place.
 B = Non-inter-level travel time spent in this place.
 C = Inter-level travel time spent in this place.
 D = Time resting spent in this place.
 E = Time spent auto-exploring this place.
 F = Levels seen in this place.
 G = Mean time per level.
                   A        B        C        D        E       F      G
               +--------+--------+--------+--------+--------+-----+--------+
         Total |   3363 |   3265 |     98 |    262 |   2444 |   5 |  672.6 |
       Dungeon |   3363 |   3265 |     98 |    262 |   2444 |   5 |  672.6 |
               +--------+--------+--------+--------+--------+-----+--------+

Top non-repeatable levels by time:
     D:4: 985 daAuts
     D:3: 724 daAuts
     D:2: 714 daAuts
     D:1: 712 daAuts
     D:5: 226 daAuts
